 Dungeon Crawl Stone Soup version 0.28.0-43-g3370ac3207 (webtiles) character file.

Game seed: 13518138858139681155

22335 Ablot the Thaumaturge (level 12, 0/95 HPs)
             Began as a Gnoll Warper on Mar 24, 2022.
             Was a High Priest of Okawaru.
             Slain by a meliai
             ... wielding a +0 hand axe
              (9 damage)
             ... on level 14 of the Dungeon.
             The game lasted 00:41:59 (18801 turns).

Ablot the Thaumaturge (Gnoll Warper)               Turns: 18801, Time: 00:41:59

Health: 0/95       AC:  9    Str: 15    XL:     12   Next: 99%
Magic:  25/25      EV: 14    Int:  8    God:    Okawaru [*****.]
Gold:   687        SH: 11    Dex: 12    Spells: 21/29 levels left

rFire   + . .      SeeInvis +   a - +11 spear "Nysouwke" {vorpal, rPois rN+ rCorr Int-5}
rCold   + . .      Faith    +   X - +1 kite shield {reflect}
rNeg    + . .      Spirit   .   u - +0 robe {rC+ rF+}
rPois   +          Reflect  +   e - +1 helmet
rElec   .          Harm     .   (no cloak)
rCorr   +          Rampage  .   A - +0 pair of gloves
Will    .....      Archmagi +   N - +2 pair of boots {Stlth+}
Stlth   +++++.....              W - amulet of faith
HPRegen 0.25/turn               L - ring of see invisible
MPRegen 0.19/turn               w - ring of the Mage {Wiz Archmagi}

@: mighty
A: fangs 1, strong nose, distributed training
a: Renounce Religion, Heroism, Finesse, Duel


You were on level 14 of the Dungeon.
You worshipped Okawaru.
Okawaru was extremely pleased with you.
You visited 2 branches of the dungeon, and saw 15 of its levels.
You also visited: Sewer.

You collected 752 gold pieces.
You spent 65 gold pieces at shops.

Inventory:

Hand Weapons
 a - the +11 spear "Nysouwke" (weapon) {vorpal, rPois rN+ rCorr Int-5}
   (You found it on level 2 of the Dungeon)

   It inflicts extra damage upon your enemies.
   Int:       It affects your intelligence (-5).
   rPois:     It protects you from poison.
   rN:        It protects you from negative energy.
   rCorr:     It protects you from acid and corrosion.
 p - a +1 vorpal arbalest
 S - the +9 demon blade "Yssing" {vamp, Will+}
   (Okawaru gifted it to you on level 13 of the Dungeon)

   It occasionally heals its wielder for a portion of the damage dealt when it
   wounds a living foe.
   Will:      It increases your willpower.
Missiles
 d - 6 boomerangs of dispersal
 f - 330 stones
 j - 20 poisoned darts
 m - a throwing net
 s - 5 atropa-tipped darts
 x - 318 arrows
 z - 4 javelins
 C - 93 sling bullets
 H - 158 bolts
 J - 3 boomerangs (quivered)
Armour
 e - a +1 helmet (worn)
 u - a +0 robe of resistance (worn)
 A - a +0 pair of gloves (worn)
 M - +0 pearl dragon scales
 N - a +2 pair of boots of stealth (worn)
 X - a +1 kite shield of reflection (worn)
Jewellery
 n - a ring of protection from fire
 w - the ring of the Mage (right hand) {Wiz Archmagi}
   (You found it on level 3 of the Dungeon)

   [ring of wizardry]

   It improves your spell success rate.
   Archmagi:  It increases the power of your magical spells.
 L - a ring of see invisible (left hand)
 W - an amulet of faith (around neck)
Wands
 g - a wand of acid (9)
 l - a wand of flame (29)
 q - a wand of mindburst (14)
 I - a wand of paralysis (22)
 K - a wand of digging (8)
 O - a wand of iceblast (4)
 Z - a wand of polymorph (2)
Scrolls
 c - 4 scrolls of blinking
 o - 4 scrolls of amnesia
 r - 5 scrolls of summoning
 t - 3 scrolls of fear
 v - 7 scrolls of teleportation
 y - 7 scrolls of fog
 B - 4 scrolls of immolation
 F - 4 scrolls of magic mapping
 G - a scroll of silence
 Q - a scroll of vulnerability {unknown}
 R - a scroll of holy word {unknown}
 U - a scroll of brand weapon
 V - a scroll of acquirement {unknown}
Potions
 b - 2 potions of attraction
 h - 2 potions of berserk rage
 k - 6 potions of curing
 D - 3 potions of might
 E - 3 potions of magic
 P - a potion of flight
 T - 2 potions of brilliance


   Skills:
 + Level 9.1 Fighting
 + Level 7.8 Short Blades
 + Level 7.8 Long Blades
 + Level 7.8 Axes
 + Level 7.8 Maces & Flails
 + Level 9.1 Polearms
 + Level 7.8 Staves
 + Level 7.8 Slings
 + Level 7.8 Bows
 + Level 7.8 Crossbows
 + Level 8.3 Throwing
 + Level 8.3 Armour
 + Level 9.1 Dodging
 + Level 7.8 Stealth
 + Level 7.8 Shields
 + Level 7.8 Unarmed Combat
 + Level 9.3 Spellcasting
 + Level 6.5 Conjurations
 + Level 6.5 Hexes
 + Level 6.5 Summonings
 + Level 6.5 Necromancy
 + Level 8.6 Translocations
 + Level 6.5 Transmutations
 + Level 6.5 Fire Magic
 + Level 6.5 Ice Magic
 + Level 6.5 Air Magic
 + Level 6.5 Earth Magic
 + Level 6.5 Poison Magic
 + Level 8.5 Invocations
 + Level 7.8 Evocations


You had 21 spell levels left.
You knew the following spells:

 Your Spells              Type           Power      Damage    Failure   Level
a - Blink                 Tloc           52%        N/A       1%          2
b - Gell's Gravitas       Tloc           26%        N/A       1%          3
c - Conjure Flame         Conj/Fire      21%        6-21      3%          3

Your spell library contained the following spells:

 Spells                   Type           Power      Damage    Failure   Level
 Lesser Beckoning         Tloc           26%        N/A       1%          3
 Teleport Other           Tloc           26%        N/A       1%          3
 Ignite Poison            Fire/Tmut/Pois 21%        N/A       3%          3
 Sticky Flame             Conj/Fire      21%        2d4       12%         4
 Manifold Assault         Tloc           26%        N/A       13%         5
 Blade Hands              Tmut           10%        N/A       30%         5
 Excruciating Wounds      Necr           10%        N/A       30%         5
 Iron Shot                Conj/Erth      10%        9d3       83%         6
 Statue Form              Tmut/Erth      14%        N/A       83%         6
 Animate Skeleton         Necr           Unusable   N/A       N/A         1
 Summon Small Mammal      Summ           Unusable   N/A       N/A         1
 Call Canine Familiar     Summ           Unusable   N/A       N/A         3
 Summon Guardian Golem    Hex/Summ       Unusable   N/A       N/A         3
 Animate Armour           Summ/Erth      Unusable   N/A       N/A         4
 Malign Gateway           Summ/Tloc      Unusable   N/A       N/A         7
 Infestation              Necr           Unusable   N/A       N/A         8
 Summon Horrible Things   Summ           Unusable   N/A       N/A         8

Dungeon Overview and Level Annotations

Branches:
Dungeon (14/15)            Temple (1/1) D:6            Lair (0/6) D:8
    Orc (0/2) D:10         Vaults (0/5) D:13          Sewer (visited)

Altars:
Ashenzari
Cheibriados
Dithmenos
Elyvilon
Fedhas
Gozag
Hepliaklqana
Kikubaaqudgha
Makhleb
Nemelex Xobeh
Okawaru
Qazlal
Ru
Sif Muna
Trog
Uskayaw
Vehumet
Wu Jian
Xom
Yredelemnul
Zin
The Shining One

Shops:
D:4 !   D:6 (   D:9 (((!   D:10 (

Portals:
Bazaar: D:14
Trove: D:14 (give 7 scrolls of fog)

Annotations:
D:11 exclusions: cyclops and zombie, Snorg


Innate Abilities, Weirdness & Mutations

You have very sharp teeth.
Your uncanny sense of smell can sniff out nearby items.
Your experience applies equally to all skills.


Message History

The meliai misses you. You block the meliai's attack.
You feel better. You block the meliai's attack.
The meliai stings you but does no damage.
The meliai completely misses you. The meliai barely misses you.
Unknown command.
You hit the meliai.
The meliai is lightly wounded.
You block the meliai's attack. x2
You puncture the meliai!
The meliai is heavily wounded.
You block the meliai's attack. x2; The meliai closely misses you. x2
You closely miss the meliai. Your bite misses the meliai.
The meliai is heavily wounded.
The meliai mumbles some strange prayers to its god against you.
Something smites you!
* * * LOW HITPOINT WARNING * * *
You feel much better. You block the meliai's attack. x2
The meliai misses you. You block the meliai's attack.
You hit the meliai but do no damage. You bite the meliai, but do no damage.
The meliai is heavily wounded.
The meliai mumbles some strange prayers to its god against you.
Something smites you!
* * * LOW HITPOINT WARNING * * *
The meliai barely misses you. You block the meliai's attack.
You closely miss the meliai.
The meliai is heavily wounded.
The meliai misses you. You block the meliai's attack.
The meliai hits you with a +0 hand axe!
* * * LOW HITPOINT WARNING * * *
You block the meliai's attack.
You hit the meliai.
The meliai is severely wounded.
You block the meliai's attack. The meliai closely misses you.
Okay, then.
Okay, then.
You feel very mighty all of a sudden. The meliai hits you with a +0 hand axe!
* * * LOW HITPOINT WARNING * * *
You block the meliai's attack. The meliai hits you with a +0 hand axe!
You die...

**,,*#########...######***,,*
,,,,,............$...y.,,,,,*
,,,,,..............y...,,...#
,,,,,..................,,...#
>,,,,..........########**#..#
,,,,,..........# #..#
,,,,,.....≈≈≈..# #..#
,,,,,....≈.≈.≈.###########..#
,,,,,....≈≈∩≈≈.)@...........#
,,,,,....≈.≈.≈.y..........>.#
,,,,,..#..≈≈≈##############.#
,,,,,.,####### #.# ,,,,,,,* #.#
,,,,,,,************########.#
,,,,,,,,,,,,,,,,,,,.......<.#
,,,,,,,,,,,,,,,,,,,.........#
,,,,,,,,,,,,,,,,,,,.......).#****


You could see a meliai.

Vanquished Creatures
  7 vault guards
  A centaur warrior (D:14)
  A two-headed ogre (D:9)
  2 tengu warriors
  The ghost of kthxbai the Skirmisher, a novice OgCA of Ignis (D:7)
  Nergalle (D:11)
  2 manticores (D:13)
  2 cyclopes
  2 centaur zombies
  2 unseen horrors
  A komodo dragon (D:9)
  Psyche (D:12)
  5 trolls
  2 meliai (D:14)
  Prince Ribbit (D:9)
  4 slime creatures (D:12)
  A hornet (D:9)
  A hornet (shapeshifter) (D:12)
  3 wraiths
  2 vampires
  3 wyverns
  2 shadows
  A basilisk (D:12)
  10 yaks (D:11)
  5 vampire mosquitoes
  2 steam dragons
  2 acid dragons
  2 ice beasts
  2 orc warriors
  2 black bears
  A necrophage (D:5)
  3 ogres
  10 centaurs
  3 kobold brigands
  Blork the orc (D:4)
  5 bullfrogs
  2 wyvern zombies
  A gnoll sergeant (D:9)
  2 scorpions
  A water moccasin zombie (D:5)
  A wyvern skeleton (D:7)
  A water moccasin skeleton (D:5)
  3 howler monkeys
  10 killer bees
  12 wights
  2 bullfrog zombies (D:5)
  2 hounds
  2 orc priests
  2 centaur skeletons
  A jelly (D:4)
  5 orc wizards
  5 iguanas
  A killer bee zombie (D:6)
  A centaur simulacrum (D:7)
  2 hound zombies (D:5)
  A hound skeleton (D:5)
  2 howler monkey zombies
  A howler monkey skeleton (D:7)
  6 adders
  6 gnolls
  A river rat (Sewer)
  3 shadow imps
  A white imp (D:7)
  2 ufetubi
  An adder skeleton (D:4)
  4 worms
  A dart slug (D:2)
  27 orcs
  5 bats
  9 endoplasms
  2 giant cockroaches
  5 hobgoblins
  9 jackals
  19 kobolds
  3 quokkas
  12 ball pythons
  A frilled lizard (D:2)
  7 goblins
  12 rats
292 creatures vanquished.

Vanquished Creatures (others)
  An orc warrior (D:12)
1 creature vanquished.

Grand Total: 293 creatures vanquished

Notes
Turn   | Place    | Note
-------+----------+-------------------------------------------
     0 | D:1      | Ablot the Gnoll Warper began the quest for the Orb.
     0 | D:1      | Reached XP level 1. HP: 20/20 MP: 6/6
   167 | D:1      | Reached XP level 2. HP: 26/26 MP: 7/7
   170 | D:1      | Learned a level 2 spell: Blink
   370 | D:1      | Found a faded altar of an unknown god.
   583 | D:1      | Reached XP level 3. HP: 31/31 MP: 9/9
   792 | D:2      | Reached skill level 5 in Spellcasting
   985 | D:2      | Reached skill level 1 in Invocations
  1334 | D:2      | Reached skill level 1 in Short Blades
  1334 | D:2      | Reached skill level 1 in Long Blades
  1334 | D:2      | Reached skill level 1 in Axes
  1334 | D:2      | Reached skill level 1 in Maces & Flails
  1334 | D:2      | Reached skill level 1 in Staves
  1334 | D:2      | Reached skill level 1 in Slings
  1334 | D:2      | Reached skill level 1 in Bows
  1334 | D:2      | Reached skill level 1 in Crossbows
  1334 | D:2      | Reached skill level 1 in Stealth
  1334 | D:2      | Reached skill level 1 in Shields
  1334 | D:2      | Reached skill level 1 in Unarmed Combat
  1334 | D:2      | Reached skill level 1 in Evocations
  1348 | D:2      | Identified the +11 spear "Nysouwke" {vorpal, rPois rN+
                  | rCorr Int-5}
  1517 | D:2      | Found a sparkling altar of Nemelex Xobeh.
  1564 | D:3      | Reached XP level 4. HP: 38/38 MP: 11/11
  1713 | D:3      | Found an opulent altar of Gozag.
  1796 | D:3      | Found the ring of the Mage {Wiz Archmagi}
  1994 | D:3      | Reached skill level 1 in Conjurations
  1994 | D:3      | Reached skill level 1 in Hexes
  1994 | D:3      | Reached skill level 1 in Summonings
  1994 | D:3      | Reached skill level 1 in Necromancy
  1994 | D:3      | Reached skill level 1 in Transmutations
  1994 | D:3      | Reached skill level 1 in Fire Magic
  1994 | D:3      | Reached skill level 1 in Ice Magic
  1994 | D:3      | Reached skill level 1 in Air Magic
  1994 | D:3      | Reached skill level 1 in Earth Magic
  1994 | D:3      | Reached skill level 1 in Poison Magic
  2303 | D:4      | Noticed a scorpion
  2311 | D:4      | Killed a scorpion
  2312 | D:4      | Reached XP level 5. HP: 43/43 MP: 12/12
  2441 | D:4      | Found a glowing drain.
  2445 | Sewer    | Entered a sewer
  2658 | Sewer    | Reached XP level 6. HP: 50/50 MP: 13/13
  2740 | Sewer    | Reached skill level 5 in Fighting
  2740 | Sewer    | Reached skill level 5 in Polearms
  2740 | Sewer    | Reached skill level 5 in Dodging
  2904 | D:4      | Noticed a black bear
  2909 | D:4      | Killed a black bear
  2929 | D:4      | Found Rigruz's Distillery.
  2933 | D:4      | Bought a potion of heal wounds for 65 gold pieces
  2999 | D:4      | Found a blossoming altar of Fedhas.
  3042 | D:4      | Found a shadowy altar of Dithmenos.
  3135 | D:4      | Found an ancient bone altar of Kikubaaqudgha.
  3232 | D:4      | Noticed Blork the orc
  3236 | D:4      | Killed Blork the orc
  3237 | D:4      | Reached XP level 7. HP: 54/56 MP: 15/15
  3399 | D:5      | Entered Level 5 of the Dungeon
  3512 | D:5      | Found a shimmering blue altar of Sif Muna.
  4129 | D:5      | Reached XP level 8. HP: 59/63 MP: 16/16
  5129 | D:6      | Learned a level 3 spell: Gell's Gravitas
  5130 | D:6      | Found a stormy altar of Qazlal.
  5154 | D:6      | Found a staircase to the Ecumenical Temple.
  5169 | D:6      | Reached XP level 9. HP: 49/69 MP: 18/18
  5184 | Temple   | Entered the Ecumenical Temple
  5315 | Temple   | Became a worshipper of Warmaster Okawaru
  5567 | D:6      | Found a sacrificial altar of Ru.
  5582 | D:6      | Found Iboj Fota's Weapon Shoppe.
  5784 | D:7      | Reached skill level 5 in Throwing
  5784 | D:7      | Reached skill level 5 in Armour
  5982 | D:7      | Reached * piety under Okawaru
  6154 | D:7      | Found a runed translucent gate.
  6154 | D:7      | Found a runed translucent gate.
  6154 | D:7      | Found a runed translucent gate.
  6154 | D:7      | Noticed kthxbai's ghost (novice OgCA)
  6190 | D:7      | Reached skill level 5 in Invocations
  6570 | D:7      | Found a glowing silver altar of Zin.
  6570 | D:7      | Noticed an angel
  6672 | D:7      | Killed kthxbai's ghost
  6672 | D:7      | Reached ** piety under Okawaru
  6673 | D:7      | Reached XP level 10. HP: 37/77 MP: 20/20
  6906 | D:8      | Reached skill level 5 in Short Blades
  6906 | D:8      | Reached skill level 5 in Long Blades
  6906 | D:8      | Reached skill level 5 in Axes
  6906 | D:8      | Reached skill level 5 in Maces & Flails
  6906 | D:8      | Reached skill level 5 in Staves
  6906 | D:8      | Reached skill level 5 in Slings
  6906 | D:8      | Reached skill level 5 in Bows
  6906 | D:8      | Reached skill level 5 in Crossbows
  6906 | D:8      | Reached skill level 5 in Stealth
  6906 | D:8      | Reached skill level 5 in Shields
  6906 | D:8      | Reached skill level 5 in Unarmed Combat
  6906 | D:8      | Reached skill level 5 in Evocations
  6935 | D:8      | Learned a level 3 spell: Conjure Flame
  7288 | D:8      | Found a staircase to the Lair.
  7701 | D:8      | Found an ornate altar of the Wu Jian Council.
  7878 | D:8      | Reached *** piety under Okawaru
  8151 | D:8      | Found a basalt altar of Yredelemnul.
  8324 | D:9      | Found Fepioq's Distillery.
  8495 | D:9      | Noticed Prince Ribbit
  8499 | D:9      | Noticed a two-headed ogre
  9142 | D:9      | Found Pys Otsiah's Weapon Shoppe.
  9166 | D:9      | Found Astiexze's Antique Weapon Shop.
  9279 | D:9      | Killed Prince Ribbit
  9449 | D:9      | Killed a two-headed ogre
  9449 | D:9      | Reached **** piety under Okawaru
  9450 | D:9      | Reached XP level 11. HP: 29/84 MP: 22/22
  9771 | D:9      | Found Waehaott's Antique Weapon Shoppe.
  9792 | D:9      | Found a glowing golden altar of the Shining One.
  9834 | D:9      | Received a gift from Okawaru
  9969 | D:10     | Entered Level 10 of the Dungeon
  9990 | D:10     | Found a staircase to the Orcish Mines.
  9990 | D:10     | Found Xillegim's Weapon Shop.
 10253 | D:10     | Reached skill level 5 in Conjurations
 10253 | D:10     | Reached skill level 5 in Hexes
 10253 | D:10     | Reached skill level 5 in Summonings
 10253 | D:10     | Reached skill level 5 in Necromancy
 10253 | D:10     | Reached skill level 5 in Transmutations
 10253 | D:10     | Reached skill level 5 in Fire Magic
 10253 | D:10     | Reached skill level 5 in Ice Magic
 10253 | D:10     | Reached skill level 5 in Air Magic
 10253 | D:10     | Reached skill level 5 in Earth Magic
 10253 | D:10     | Reached skill level 5 in Poison Magic
 10497 | D:10     | Found a hide-covered altar of Uskayaw.
 10595 | D:11     | You fall into a shaft and drop 1 floor!
 10878 | D:11     | Noticed Nergalle
 10902 | D:11     | Noticed Snorg
 10902 | D:11     | Noticed a cyclops
 10965 | D:11     | Got the Reference Book on Doomed Transmigration
 10993 | D:11     | Noticed a tengu warrior
 11007 | D:11     | Killed a tengu warrior
 11007 | D:11     | Received a gift from Okawaru
 11025 | D:11     | Killed Nergalle
 11025 | D:11     | Reached ***** piety under Okawaru
 11277 | D:11     | Identified the +4 pair of gloves of Sexaq {-Tele rPois rF+}
                  | (Okawaru gifted it to you on level 11 of the Dungeon)
 11277 | D:11     | Received a gift from Okawaru
 12845 | D:12     | Noticed Psyche
 12872 | D:12     | Killed Psyche
 13153 | D:12     | Noticed a cyclops
 13164 | D:12     | Killed a cyclops
 13165 | D:12     | Reached XP level 12. HP: 94/94 MP: 24/24
 14368 | D:13     | Found a gate to the Vaults.
 14368 | D:13     | Noticed a vault guard
 14368 | D:13     | Noticed a vault guard
 14368 | D:13     | Noticed a vault guard
 14368 | D:13     | Noticed a vault guard
 14368 | D:13     | Noticed a vault guard
 14407 | D:13     | Killed a vault guard
 14762 | D:13     | Noticed a tengu warrior
 15199 | D:13     | Received a gift from Okawaru
 15944 | D:12     | Killed a vault guard
 15944 | D:12     | Received a gift from Okawaru
 16401 | D:12     | Killed a vault guard
 16401 | D:12     | Received a gift from Okawaru
 16778 | D:13     | Received a gift from Okawaru
 16878 | D:13     | Noticed a vault guard
 16895 | D:13     | Killed a vault guard
 16940 | D:13     | Killed a vault guard
 16940 | D:13     | Identified the +9 demon blade "Yssing" {vamp, Will+}
                  | (Okawaru gifted it to you on level 13 of the Dungeon)
 16940 | D:13     | Received a gift from Okawaru
 17228 | D:13     | Killed a vault guard
 17368 | D:13     | Noticed a vault guard
 17956 | D:13     | HP: 3/95 [vault guard/+0 great mace (19)]
 17960 | D:13     | Killed a vault guard
 18407 | D:13     | Killed a tengu warrior
 18738 | D:14     | Noticed a centaur warrior
 18738 | D:14     | Found a portal to a secret trove of treasure.
 18747 | D:14     | Killed a centaur warrior
 18765 | D:14     | Found a flickering gateway to a bazaar.
 18801 | D:14     | Slain by a meliai

Illustrated notes

Levels and vault maps discovered:
D:1:      dpeg_arrival_tiny_f, layout_rooms, basic_ecumenical_altar,
          minmay_misc_feat_cross, grunt_decor_arrowhead,
          hangedman_decor_clover_reticule, chequers_serial_rivers_small_b
D:2:      layout_rooms, basic_altar, hangedman_decor_riveting
D:3:      layout_basic, grunt_gozag_statues, mrwooster_statue_mirror
D:4:      minmay_evil_eye, layout_cave_pools, lemuel_doored_altar,
          grunt_dithmenos_smoke_and_mirrors, fedhas_altar_fruit_tree,
          gup_sewer_entry_spiral, serial_shops, shop, uniq_blork_the_orc
D:5:      layout_loops_ring, kennysheep_little_box, minmay_joined_circles
D:6:      layout_rooms, kennysheep_mini, old_standard_altar,
          minmay_temple_entry_arrows, serial_shops, nicolae_shop_crystal
D:7:      layout_rooms, zin_angel, gammafunk_ghost_necromancy, st_stairs_1
D:8:      layout_cave_pods, lemuel_zombie_altar_yredelemnul,
          general_overflow_altar, lair_entry_dummy
D:9:      layout_rooms, lemuel_tele_altar, serial_shops,
          nicolae_shop_bloodbath_and_beyond, shop,
          nicolae_shop_temple_entry_statues_fountains,
          nicolae_shop_behind_doors, uniq_prince_ribbit1
D:10:     layout_rooms, nicolae_uskayaw_suspiria, orc_david_3
D:11:     layout_loops_ring, uniq_snorg, uniq_nergalle
D:12:     layout_irregular_city, uniq_psyche
D:13:     layout_gridville, erik_vaults_2, minivault_1
D:14:     layout_long_grid, nicolae_trove_entry_crossroad, nicolae_two_hexagons,
          serial_shops, bzr_entry_water
Temple:   eino_wide_crystal_templ

Skill      XL: |  1  2  3  4  5  6  7  8  9 10 11 12 |
---------------+-------------------------------------+-----
Spellcasting   | 5 6 7 8 9 |  9.3
Invocations    | 1 2 3 4 5 6 7 8 |  8.5
Short Blades   | 1 2 3 4 5 6 7 |  7.8
Long Blades    | 1 2 3 4 5 6 7 |  7.8
Axes           | 1 2 3 4 5 6 7 |  7.8
Maces & Flails | 1 2 3 4 5 6 7 |  7.8
Staves         | 1 2 3 4 5 6 7 |  7.8
Slings         | 1 2 3 4 5 6 7 |  7.8
Bows           | 1 2 3 4 5 6 7 |  7.8
Crossbows      | 1 2 3 4 5 6 7 |  7.8
Stealth        | 1 2 3 4 5 6 7 |  7.8
Shields        | 1 2 3 4 5 6 7 |  7.8
Unarmed Combat | 1 2 3 4 5 6 7 |  7.8
Evocations     | 1 2 3 4 5 6 7 |  7.8
Conjurations   | 1 2 3 4 5 6 |  6.5
Hexes          | 1 2 3 4 5 6 |  6.5
Summonings     | 1 2 3 4 5 6 |  6.5
Necromancy     | 1 2 3 4 5 6 |  6.5
Transmutations | 1 2 3 4 5 6 |  6.5
Fire Magic     | 1 2 3 4 5 6 |  6.5
Ice Magic      | 1 2 3 4 5 6 |  6.5
Air Magic      | 1 2 3 4 5 6 |  6.5
Earth Magic    | 1 2 3 4 5 6 |  6.5
Poison Magic   | 1 2 3 4 5 6 |  6.5
Throwing       | 3 4 5 6 7 8 |  8.3
Armour         | 3 4 5 6 7 8 |  8.3
Fighting       | 5 6 7 8 9 |  9.1
Polearms       | 5 6 7 8 9 |  9.1
Dodging        | 5 6 7 8 9 |  9.1
Translocations | 6 7 8 |  8.6

Action                   |  1- 3 |  4- 6 |  7- 9 | 10-12 || total
-------------------------+-------+-------+-------+-------++-------
Melee: Spear             |   161 |   118 |   220 |   665 ||  1164
       Bite              |    17 |     6 |    26 |    62 ||   111
       Punch             |       |     2 |     8 |     5 ||    15
       Demon blade       |       |       |       |     5 ||     5
Throw: Dart              |       |       |       |    71 ||    71
       Javelin           |       |       |       |     3 ||     3
       Boomerang         |       |       |       |    12 ||    12
 Cast: Blink             |       |       |     1 |    20 ||    21
Invok: Heroism           |       |       |       |     4 ||     4
Evoke: Wand              |       |       |       |     3 ||     3
  Use: Scroll            |       |     4 |     9 |     9 ||    22
       Potion            |       |     3 |       |     6 ||     9
 Stab: Sleeping          |     2 |     3 |    11 |    13 ||    29
       Distracted        |       |       |       |     1 ||     1
Armor: Leather armour    |    29 |    14 |    18 |       ||    61
       Robe              |       |       |    12 |   105 ||   117
       Steam dragon scal |       |       |     2 |       ||     2
Dodge: Dodged            |    58 |    29 |   108 |   339 ||   534
Block: Buckler           |       |       |       |    31 ||    31
       Kite shield       |       |       |       |   151 ||   151
       Reflection        |       |       |       |    26 ||    26
